 Dungeon Crawl Stone Soup version 0.25.1-8-g42b30a86e7 (webtiles) character file.

Game seed: 14290195768670389890

141505 hawla the Eclecticist (level 16, -5/208 HPs)
             Began as a Pale Draconian Conjurer on Dec 14, 2020.
             Was a High Priest of Vehumet.
             Slain by a redback (6 damage)
             ... on level 4 of the Spider Nest on Dec 15, 2020.
             The game lasted 03:21:56 (46380 turns).

hawla the Eclecticist (Pale Draconian Conjurer)    Turns: 46380, Time: 03:21:57

Health: -5/208     AC: 16    Str: 10    XL:     16   Next: 78%
Magic:  12/44      EV:  2    Int: 22    God:    Vehumet [*****.]
Gold:   919        SH:  0    Dex: 13    Spells: 2/45 levels left

rFire    . . .     SeeInvis .   K - +4 spear of Starshine {drain, MR+}
rCold    . . .     Gourm    .   l - +2 buckler {rN+}
rNeg     + + +     Faith    .   (armour unavailable)
rPois    +         Spirit   .   (helmet currently unavailable)
rElec    .         Reflect  +   (cloak currently unavailable)
rCorr    +         Harm     .   (gloves currently unavailable)
MR       ++...     NoTele   +   (boots currently unavailable)
Stlth    +.........             m - amulet of reflection
HPRegen  0.44/turn              F - ring of magical power
MPRegen  0.29/turn              o - ring of resist corrosion

@: confused, lethally poisoned (-5 -> -74), tree-form, corroded
A: (breathe steam), unfitting armour, MP-powered wands, AC +9
a: Renounce Religion


You were on level 4 of the Spider Nest.
You worshipped Vehumet.
Vehumet was extremely pleased with you.
You were not hungry.
You were a tree.
You visited 6 branches of the dungeon, and saw 29 of its levels.
You also visited: Bailey, Gauntlet and Ice Cave.

You collected 3517 gold pieces.
You spent 2598 gold pieces at shops.

Inventory:

Hand Weapons
 K - the +4 spear of Starshine (weapon) {drain, MR+}
   (You found it on level 3 of the Spider Nest)

   A truly terrible weapon, it drains the life of those it strikes.
   It affects your resistance to hostile enchantments.
Missiles
 g - 10 curare-tipped darts
 y - 25 boomerangs (quivered)
Armour
 l - a +2 buckler of positive energy (worn)
 n - a +0 pair of boots (melded)
 t - the +0 pair of gloves "Zyovvox" (melded) {rElec rPois}
   (You bought it in a shop on level 2 of the Orcish Mines)

   It insulates you from electricity.
   It protects you from poison.
 x - a +2 cloak of poison resistance
 E - a +2 hat of see invisible (melded)
 G - a scarf of resistance (melded)
Magical Staves
 c - an uncursed staff of wizardry
 p - an uncursed staff of conjuration
Jewellery
 d - an uncursed ring of positive energy
 m - an amulet of reflection (around neck)
 o - a ring of resist corrosion (right branch)
 u - a +6 ring of intelligence
 w - an uncursed ring of ice {unknown}
 F - a ring of magical power (left branch)
 I - the ring "Ririus" {Wiz Dex+4 SInv}
   (You found it on level 2 of the Spider Nest)

   [ring of wizardry]

   It improves your spell success rate.
   It affects your dexterity (+4).
   It lets you see invisible.
Wands
 a - a wand of acid (44)
 s - a wand of iceblast (24)
 v - a wand of flame (75)
 C - a wand of random effects (33)
 D - a wand of clouds (7)
 M - a wand of digging (10)
 T - a wand of disintegration (17)
Scrolls
 e - a scroll of amnesia
 i - 7 scrolls of remove curse
 k - 3 scrolls of teleportation
 r - 3 scrolls of enchant armour
 B - 3 scrolls of magic mapping
 H - a scroll of fog
 J - 13 scrolls of identify
Potions
 f - 6 potions of haste
 h - 12 potions of curing
 q - a potion of stabbing
 z - 2 potions of lignification
 U - a potion of ambrosia
Miscellaneous
 j - a lightning rod (4/4)
 Q - 2 phantom mirrors
 S - a phial of floods
Comestibles
 b - 18 rations
 L - a chunk of flesh


   Skills:
 - Level 12.0 Fighting
 - Level 9.0 Staves
 - Level 2.5 Throwing
 - Level 10.0 Dodging
 - Level 4.0 Stealth
 - Level 4.0 Shields
 + Level 15.2 Spellcasting
 - Level 8.6 Conjurations
 - Level 5.3 Translocations
 - Level 14.8 Fire Magic
 - Level 8.1 Ice Magic
 - Level 3.1 Air Magic
 - Level 3.7 Earth Magic
 - Level 6.0 Evocations


You had 2 spell levels left.
You knew the following spells:

 Your Spells              Type           Power        Failure   Level  Hunger
a - Magic Dart            Conj           ####         1%          1    None
b - Searing Ray           Conj           ######       1%          2    None
c - Iskenderun's Mystic   Conj/Tloc      #####...     1%          4    None
d - Freezing Cloud        Conj/Ice/Air   #####.....   10%         6    #####..
e - Ozocubu's Refrigerat  Ice            ######....   5%          6    #####..
f - Fireball              Conj/Fire      ######....   1%          5    ###....
g - Bolt of Magma         Conj/Fire/Erth ######....   1%          5    ###....
h - Iron Shot             Conj/Erth      #####.....   12%         6    #####..
i - Ignition              Fire           ######....   14%         8    #######

Your spell library contained the following spells:

 Spells                   Type           Power        Failure   Level  Hunger
 Foxfire                  Conj/Fire      ####         1%          1    None
 Sandblast                Erth           ####..       1%          1    None
 Passwall                 Tmut/Erth      ###.....     2%          2    None
 Summon Small Mammal      Summ           ###.         3%          1    None
 Call Imp                 Summ           ###.....     5%          2    None
 Sticks to Snakes         Tmut           ###.....     5%          2    None
 Conjure Flame            Conj/Fire      ######..     1%          3    None
 Dazzling Flash           Conj/Hex       #####.       1%          3    None
 Gell's Gravitas          Tloc           #####.....   1%          3    None
 Ignite Poison            Fire/Tmut/Pois #####...     1%          3    None
 Inner Flame              Hex/Fire       #####...     1%          3    None
 Stone Arrow              Conj/Erth      #####.       1%          3    None
 Fulminant Prism          Conj/Hex       #####.....   1%          4    None
 Hailstorm                Conj/Ice       ######..     1%          4    None
 Sticky Flame             Conj/Fire      ######..     1%          4    None
 Portal Projectile        Hex/Tloc       ####..       3%          3    None
 Lee's Rapid Deconstruct  Erth           ####......   6%          5    ###....
 Summon Ice Beast         Ice/Summ       ####....     7%          4    None
 Call Canine Familiar     Summ           ###.....     11%         3    None
 Summon Guardian Golem    Hex/Summ       ###.....     11%         3    None
 Petrify                  Tmut/Erth      ###.....     16%         4    None
 Summon Lightning Spire   Summ/Air       ###.....     19%         4    None
 Orb of Destruction       Conj           ######....   22%         7    ######.
 Yara's Violent Unravell  Hex/Tmut       ###.......   24%         5    ###....
 Cause Fear               Hex            ###.......   34%         4    None
 Silence                  Hex/Air        ###.......   45%         5    ###....
 Dispersal                Tloc           #####.....   52%         6    #####..
 Ring of Flames           Chrm/Fire      #####.....   82%         7    ######.
 Controlled Blink         Tloc           N/A          100%        8    #######
 Discord                  Hex            ###.......   100%        8    #######
 Disjunction              Tloc           #####.....   100%        8    #######


Dungeon Overview and Level Annotations

Branches:
Dungeon (15/15)            Temple (1/1) D:5            Lair (6/6) D:11
 Shoals (0/4) Lair:4       Spider (4/4) Lair:3        Slime (0/5) Lair:5
    Orc (2/2) D:9             Elf (0/3) Orc:2        Vaults (0/5) D:14
 Depths (1/5) D:15         Bailey (visited)           IceCv (visited)
Gauntlet (visited)

Altars:
Ashenzari
Cheibriados
Dithmenos
Elyvilon
Fedhas
Gozag
Hepliaklqana
Kikubaaqudgha
Makhleb
Nemelex Xobeh
Okawaru
Qazlal
Ru
Sif Muna
Trog
Uskayaw
Vehumet
Wu Jian
Xom
Yredelemnul
Zin
The Shining One
Beogh
Jiyva

Shops:
D:7 *   D:8 ?   D:15 **   Orc:2 *[(}*

Annotations:
Lair:6 1 runed translucent door


Innate Abilities, Weirdness & Mutations

((You can breathe blasts of scalding, opaque steam.))
((Your pale cyan-grey scales are hard. (AC +9)))
You cannot fit into any form of body armour.
((You are cold-blooded and may be slowed by cold attacks.))
((Your tail ends in a sharp poisonous barb.))
((You can translocate small distances at will.))
You expend magic power (3 MP) to strengthen your wands.


Message History

You hit the tarantella. You drain the tarantella.
The tarantella is severely wounded.
* * * LOW HITPOINT WARNING * * *
You feel very sick.
The entropy weaver hits you but does no damage. x2
The entropy weaver hits you!
* * * LOW HITPOINT WARNING * * *
The entropy weaver hits you but does no damage.
The redback bites you!
* * * LOW HITPOINT WARNING * * *
You are more poisoned.
The redback poisons you!
The tarantella bites you but does no damage.
The wolf spider hits you.
* * * LOW HITPOINT WARNING * * *
The wolf spider bites you but does no damage.
The wolf spider hits you.
* * * LOW HITPOINT WARNING * * *
The wolf spider barely misses you. The redback bites you.
You die...

...s .....####
......^<###
..........#####
.^.....#....#.#
...##^........#
.. ###..s.ss.#
. #.†#.†.sas#
#.....ys♣a#
^.......ss.#
#......#.$^.#
......##...##
..... ..... ...
...... .......
#.......#


You could see 2 entropy weavers, 2 wolf spiders, an orb spider, a hornet, a
tarantella (drained) and 4 redbacks.

Vanquished Creatures
  Kirke (Spider:1)
  Gastronok (D:8)
  2 emperor scorpions
  An entropy weaver (Spider:2)
  A minotaur (Gauntlet)
  2 dire elephants (Lair:6)
  An ettin (D:14)
  Josephine (Spider:1)
  A yaktaur captain (D:15)
  Erolcha (Orc:2)
  6 hydras
  A catoblepas (Lair:6)
  13 death yaks
  A centaur warrior (D:15)
  2 ogre magi (Orc:2)
  2 tengu warriors (D:14)
  8 two-headed ogres (Orc:2)
  A death knight (D:15)
  2 orc high priests
  Urug (Lair:2)
  Sonja (Orc:2)
  A shadow wraith (D:15)
  3 deep trolls
  4 unseen horrors
  A wizard (D:15)
  A phantasmal warrior (D:15)
  15 orb spiders
  A wolf spider zombie (D:15)
  3 lindwurms
  5 orc sorcerers
  An oklob plant (Orc:1)
  A necromancer (Gauntlet)
  24 wolf spiders
  6 manticores
  10 ugly things
  8 cyclopes
  2 moths of wrath (Spider:3)
  2 black mambas (Lair:6)
  A centaur zombie (D:13)
  A smoke demon (Gauntlet)
  Joseph (D:7)
  8 elephants
  3 ice statues (IceCv)
  A gargoyle (D:11)
  7 spiny frogs
  3 rime drakes
  9 torpor snails
  A yaktaur (D:15)
  16 demonic crawlers
  A red devil (Gauntlet)
  2 freezing wraiths (D:15)
  7 komodo dragons
  A tengu conjurer (D:14)
  19 jumping spiders
  A polar bear (Lair:4)
  9 trolls
  A raiju (shapeshifter) (D:14)
  10 hornets
  4 tyrant leeches (Lair:6)
  Grinder (D:3)
  A blink frog (Lair:6)
  7 dream sheep
  8 hippogriffs
  19 tarantellas
  10 flying skulls (Gauntlet)
  52 yaks
  3 wyverns
  A spriggan (D:7)
  Eustachio (D:5)
  5 wraiths (Spider:1)
  Grum (D:8)
  35 redbacks
  2 steam dragons
  10 basilisks
  5 hogs
  4 vampire mosquitoes (D:14)
  2 hungry ghosts
  A warg (Orc:1)
  Edmund (D:4)
  A soldier ant (D:15)
  10 water moccasins
  12 porcupines
  38 orc warriors
  A hornet zombie (D:13)
  7 ice beasts
  An eye of draining (D:11)
  7 sky beasts
  3 phantoms
  7 wolves
  A necrophage (D:15)
  23 ogres
  14 centaurs
  10 crocodiles
  14 bullfrogs
  A gnoll sergeant (D:11)
  5 scorpions
  8 wights
  8 killer bees
  2 electric eels
  4 howler monkeys
  16 crimson imps
  3 jellies
  A quasit (D:10)
  6 hounds
  4 centaur skeletons
  17 orc wizards
  Crazy Yiuf (D:7)
  19 orc priests
  2 bullfrog skeletons
  6 iguanas
  Ijyb (D:4)
  Natasha (thrice) (D:2)
  8 worker ants
  A howler monkey zombie (D:5)
  A worker ant zombie (D:7)
  7 gnolls
  12 adders
  A howler monkey skeleton (D:7)
  3 shadow imps
  An adder skeleton (D:6)
  3 worms
  8 leopard geckos
  92 orcs
  A ball python (D:3)
  4 bats
  7 giant cockroaches
  A goblin (D:1)
  9 hobgoblins
  12 jackals
  5 kobolds
  4 quokkas
  4 frilled lizards
  A jackal skeleton (D:5)
  A quokka skeleton (D:4)
  5 rats
  13 fungi
  35 plants
908 creatures vanquished.

Vanquished Creatures (collateral kills)
  Snorg (Lair:3)
  A demonic crawler (Lair:3)
  A fungus (Lair:3)
3 creatures vanquished.

Vanquished Creatures (others)
  A wyvern (D:11)
  2 humans (Spider:1)
  10 fungi
  12 plants
  5 withered plants (Gauntlet)
30 creatures vanquished.

Grand Total: 941 creatures vanquished

Notes
Turn   | Place    | Note
-------+----------+-------------------------------------------
     0 | D:1      | hawla the Draconian Conjurer began the quest for the Orb.
     0 | D:1      | Reached XP level 1. HP: 14/14 MP: 3/3
   296 | D:1      | Reached XP level 2. HP: 22/22 MP: 0/5
   543 | D:1      | Reached skill level 1 in Fighting
   770 | D:2      | Found a shadowy altar of Dithmenos.
   811 | D:2      | Noticed Natasha
   821 | D:2      | Killed Natasha
   821 | D:2      | Reached skill level 1 in Throwing
   821 | D:2      | Reached XP level 3. HP: 16/28 MP: 0/7
   825 | D:2      | Learned a level 2 spell: Searing Ray
   948 | D:2      | Found a sacrificial altar of Ru.
  1060 | D:2      | Reached skill level 3 in Spellcasting
  1214 | D:2      | Noticed Natasha
  1219 | D:2      | Killed Natasha
  1219 | D:2      | Reached XP level 4. HP: 35/35 MP: 2/8
  1294 | D:2      | Learned a level 4 spell: Iskenderun's Mystic Blast
  1334 | D:2      | Found a shimmering altar of Xom.
  1392 | D:2      | Found a basalt altar of Yredelemnul.
  1503 | D:2      | Found a sparkling altar of Nemelex Xobeh.
  1515 | D:2      | Noticed Natasha
  1593 | D:2      | Killed Natasha
  1647 | D:2      | Found a blossoming altar of Fedhas.
  2078 | D:3      | Reached skill level 1 in Translocations
  2078 | D:3      | Reached XP level 5. HP: 40/41 MP: 2/10
  2240 | D:3      | Noticed Grinder
  2368 | D:3      | Paralysed by Grinder for 5 turns
  2391 | D:3      | Killed Grinder
  2391 | D:3      | Reached XP level 6. HP: 18/48 MP: 0/11
  3269 | D:4      | Found a burning altar of Makhleb.
  3394 | D:4      | Found a stormy altar of Qazlal.
  3567 | D:4      | Reached skill level 4 in Spellcasting
  3579 | D:4      | Noticed Edmund
  3594 | D:4      | Noticed Ijyb
  3618 | D:4      | Your scales start taking on a pale cyan-grey colour.
  3618 | D:4      | Reached XP level 7. HP: 55/55 MP: 1/13
  3999 | D:4      | Found a radiant altar of Vehumet.
  4010 | D:4      | Became a worshipper of Vehumet
  4260 | D:4      | Paralysed by Ijyb for 6 turns
  4270 | D:4      | Reached skill level 5 in Conjurations
  4270 | D:4      | Killed Ijyb
  4376 | D:4      | Killed Edmund
  5043 | D:5      | Entered Level 5 of the Dungeon
  5415 | D:5      | Noticed Eustachio
  5436 | D:5      | Killed Eustachio
  5436 | D:5      | Reached skill level 5 in Translocations
  5436 | D:5      | Reached XP level 8. HP: 36/61 MP: 1/14
  5579 | D:5      | Found a staircase to the Ecumenical Temple.
  5656 | Temple   | Entered the Ecumenical Temple
  5760 | Temple   | Identified 3 scrolls of acquirement
  5760 | Temple   | Acquired an uncursed staff of wizardry
  5788 | Temple   | Acquired the Volume of Attacks
  5790 | Temple   | Acquired 850 gold pieces
  5796 | Temple   | Learned a level 3 spell: Stone Arrow
  6338 | D:5      | Reached skill level 1 in Staves
  6338 | D:5      | Reached skill level 1 in Earth Magic
  7107 | D:6      | Gained mutation: Your tail ends in a poisonous barb.
                  | [potion of mutation]
  7107 | D:6      | Gained mutation: You possess an exceptional clarity of
                  | mind. [potion of mutation]
  7151 | D:6      | Found a shimmering altar of Xom.
  7332 | D:5      | Learned a level 4 spell: Sticky Flame
  7497 | D:6      | Reached skill level 1 in Fire Magic
  7568 | D:6      | Found an opulent altar of Gozag.
  7668 | D:6      | Reached skill level 5 in Spellcasting
  7730 | D:6      | Found a white marble altar of Elyvilon.
  7906 | D:6      | Reached * piety under Vehumet
  7906 | D:6      | Offered knowledge of Foxfire by Vehumet.
  8218 | D:6      | Reached skill level 1 in Evocations
  8747 | D:7      | Noticed Joseph
  8758 | D:7      | Killed Joseph
  8758 | D:7      | Reached XP level 9. HP: 52/71 MP: 1/17
  8761 | D:7      | Found a runed translucent door.
  8762 | D:7      | Noticed Crazy Yiuf
  8875 | D:7      | Killed Crazy Yiuf
  8997 | D:7      | Reached skill level 6 in Spellcasting
  9360 | D:7      | Reached skill level 5 in Dodging
  9522 | D:7      | Reached skill level 7 in Spellcasting
  9528 | D:7      | Reached ** piety under Vehumet
  9528 | D:7      | Offered knowledge of Sandblast by Vehumet.
 10114 | D:7      | Reached skill level 8 in Spellcasting
 10121 | D:7      | Learned a level 5 spell: Fireball
 10325 | D:7      | Found Lmacw's Luxury Loot.
 10424 | D:7      | Bought 2 potions of lignification for 84 gold pieces
 10424 | D:7      | Bought a +0 lajatang for 210 gold pieces
 10479 | D:8      | Noticed Grum
 10501 | D:8      | Killed Grum
 10586 | D:8      | Reached XP level 10. HP: 80/80 MP: 17/22
 10682 | D:8      | Found a shattered altar of Ashenzari.
 10720 | D:8      | Noticed Gastronok
 10779 | D:8      | Found a flagged portal.
 10827 | Bailey   | Entered a bailey
 12138 | Bailey   | Offered knowledge of Ignite Poison by Vehumet.
 12919 | D:8      | Found Ylefos's Magic Scroll Shoppe.
 12923 | D:8      | Bought a scroll of teleportation for 39 gold pieces
 12923 | D:8      | Bought a scroll of magic mapping for 45 gold pieces
 12923 | D:8      | Bought 3 scrolls of holy word for 292 gold pieces
 13070 | D:8      | Found a snail-covered altar of Cheibriados.
 13357 | D:8      | Killed Gastronok
 13357 | D:8      | Reached skill level 9 in Spellcasting
 13357 | D:8      | Reached skill level 1 in Shields
 13763 | D:9      | Found a staircase to the Orcish Mines.
 13866 | D:9      | Reached XP level 11. HP: 91/91 MP: 13/24
 14392 | D:9      | Found a sparkling altar of Nemelex Xobeh.
 14494 | D:10     | Entered Level 10 of the Dungeon
 14608 | D:10     | Reached *** piety under Vehumet
 14966 | D:10     | Offered knowledge of Conjure Flame by Vehumet.
 14972 | D:10     | Learned a level 3 spell: Conjure Flame
 15769 | D:11     | Reached **** piety under Vehumet
 16166 | D:11     | Offered knowledge of Iskenderun's Battlesphere by Vehumet.
 16319 | D:11     | Learned a level 5 spell: Iskenderun's Battlesphere
 16640 | D:11     | Reached skill level 10 in Spellcasting
 16699 | D:11     | Noticed a cyan ugly thing
 16713 | D:11     | Killed a cyan ugly thing
 16848 | D:11     | Found a staircase to the Lair.
 17230 | D:11     | Reached ***** piety under Vehumet
 17495 | D:11     | Noticed a red ugly thing
 17501 | D:11     | Killed a red ugly thing
 17501 | D:11     | Offered knowledge of Ozocubu's Refrigeration by Vehumet.
 17501 | D:11     | Reached skill level 10 in Fighting
 17606 | D:12     | Reached skill level 5 in Staves
 17719 | D:12     | Noticed a red ugly thing
 17731 | D:12     | Killed a red ugly thing
 17731 | D:12     | Reached XP level 12. HP: 46/107 MP: 5/26
 18211 | D:12     | Found a runed translucent door.
 18513 | D:8      | Bought 3 scrolls of identify for 78 gold pieces
 18513 | D:8      | Bought a scroll of identify for 26 gold pieces
 18909 | Lair:1   | Entered Level 1 of the Lair of Beasts
 19313 | Lair:1   | Learned a level 6 spell: Ozocubu's Refrigeration
 20002 | Lair:2   | Noticed a six-headed hydra
 20011 | Lair:2   | Killed a six-headed hydra
 20011 | Lair:2   | Reached skill level 1 in Ice Magic
 20095 | Lair:2   | Noticed Urug
 20099 | Lair:2   | Killed Urug
 20673 | Lair:2   | Reached skill level 11 in Spellcasting
 21594 | Lair:3   | Reached skill level 5 in Ice Magic
 21609 | Lair:3   | Noticed Snorg
 21765 | Lair:3   | Noticed a five-headed hydra
 21769 | Lair:3   | Killed a five-headed hydra
 21808 | Lair:3   | Lost mutation: You possess an exceptional clarity of mind.
                  | [potion of mutation]
 21808 | Lair:3   | Lost mutation: Your tail ends in a poisonous barb. [potion
                  | of mutation]
 21808 | Lair:3   | Gained mutation: You can translocate small distances at
                  | will. [potion of mutation]
 21808 | Lair:3   | Gained mutation: You expend magic power (3 MP) to
                  | strengthen your wands. [potion of mutation]
 21808 | Lair:3   | Gained mutation: Your tail ends in a poisonous barb.
                  | [potion of mutation]
 21808 | Lair:3   | Gained mutation: Your tail ends in a sharp poisonous barb.
                  | [potion of mutation]
 21826 | Lair:3   | Killed Snorg
 21994 | Lair:3   | Noticed an eight-headed hydra
 21999 | Lair:3   | Killed an eight-headed hydra
 22283 | Lair:3   | Identified Sif Muna's Incunabulum of the Arsonist
 22368 | Lair:3   | Found a hole to the Spider Nest.
 22487 | Lair:3   | Noticed a four-headed hydra
 22492 | Lair:3   | Killed a four-headed hydra
 22922 | Lair:4   | Found a frozen archway.
 22999 | IceCv    | Entered an ice cave
 23002 | IceCv    | Reached XP level 13. HP: 118/118 MP: 19/28
 24129 | Lair:4   | Found a staircase to the Shoals.
 25246 | Lair:6   | Entered Level 6 of the Lair of Beasts
 25578 | Lair:5   | Reached skill level 12 in Spellcasting
 26140 | Lair:5   | Found a viscous altar of Jiyva.
 26141 | Lair:5   | Found a staircase to the Slime Pits.
 28175 | Lair:6   | Reached skill level 13 in Spellcasting
 28185 | Lair:6   | Learned a level 8 spell: Ignition
 28392 | Lair:6   | Noticed a dire elephant
 28570 | Lair:6   | Reached XP level 14. HP: 100/126 MP: 10/31
 28571 | Lair:6   | Offered knowledge of Lightning Bolt by Vehumet.
 28651 | Lair:6   | Found a white marble altar of Elyvilon.
 28954 | Lair:6   | Found a runed translucent door.
 29123 | Lair:6   | Reached skill level 5 in Evocations
 29412 | Lair:6   | Paralysed by a hornet for 1 turns
 29804 | Lair:6   | Reached skill level 5 in Fire Magic
 31123 | D:12     | Found a roughly hewn altar of Beogh.
 31320 | D:13     | Reached skill level 10 in Dodging
 32247 | D:14     | Offered knowledge of Freezing Cloud by Vehumet.
 32256 | D:14     | Learned a level 6 spell: Freezing Cloud
 32319 | D:14     | Found a gate leading to a gauntlet.
 32326 | Gauntlet | Entered a Gauntlet
 32326 | Gauntlet | Found a transporter.
 32326 | Gauntlet | Found a transporter.
 32438 | Gauntlet | Found a runed translucent door.
 32441 | Gauntlet | Found a transporter.
 32442 | Gauntlet | Found a transporter.
 32442 | Gauntlet | Found a transporter.
 32472 | Gauntlet | Found a transporter.
 32488 | Gauntlet | Found a transporter.
 32511 | Gauntlet | Found a transporter.
 32514 | Gauntlet | Found a transporter.
 32514 | Gauntlet | Found a transporter.
 32603 | Gauntlet | Found a transporter.
 32621 | Gauntlet | Found a transporter.
 32637 | Gauntlet | Found a transporter.
 32647 | Gauntlet | Found a transporter.
 32650 | Gauntlet | Found the +7 Spriggan's Knife {stab, EV+4 Stlth+}
 32903 | Gauntlet | Reached skill level 1 in Air Magic
 33067 | Gauntlet | Reached skill level 14 in Spellcasting
 33734 | D:14     | Reached XP level 15. HP: 132/132 MP: 33/33
 34701 | D:14     | Found a gate to the Vaults.
 34864 | D:15     | Entered Level 15 of the Dungeon
 35234 | D:15     | Found Myrraap's General Store.
 35654 | D:15     | Found Gozag's Platinum Reserve.
 35874 | D:15     | Found an opulent altar of Gozag.
 36010 | D:15     | Found a staircase to the Depths.
 36343 | Depths:1 | Entered Level 1 of the Depths
 37016 | Orc:1    | Entered Level 1 of the Orcish Mines
 37055 | Orc:1    | Reached skill level 10 in Fire Magic
 37199 | Orc:1    | Offered knowledge of Conjure Ball Lightning by Vehumet.
 37984 | Orc:2    | Entered Level 2 of the Orcish Mines
 38102 | Orc:2    | Noticed Sonja
 38105 | Orc:2    | Killed Sonja
 38317 | Orc:2    | Found a staircase to the Elven Halls.
 38889 | Orc:2    | Found Qakhlune's Gadget Shoppe.
 38909 | Orc:2    | Noticed Erolcha
 38913 | Orc:2    | Killed Erolcha
 39009 | Orc:2    | Found Fixkeyso's Antique Armour Boutique.
 39123 | Orc:2    | Bought a wand of acid (6) for 280 gold pieces
 39123 | Orc:2    | Bought a wand of acid (8) for 336 gold pieces
 39123 | Orc:2    | Bought a wand of acid (9) for 364 gold pieces
 39125 | Orc:2    | Found Hubbo's General Store.
 39126 | Orc:2    | Found Hollarph's Antique Weapon Shoppe.
 39128 | Orc:2    | Bought a pair of translucent gloves for 361 gold pieces
 39359 | Orc:2    | Identified the cursed +0 pair of gloves "Zyovvox" {rElec
                  | rPois} (You bought it in a shop on level 2 of the Orcish
                  | Mines)
 39426 | Orc:2    | Bought a scroll of remove curse for 51 gold pieces
 39426 | Orc:2    | Bought 4 boomerangs for 34 gold pieces
 39426 | Orc:2    | Bought a scroll of identify for 34 gold pieces
 39426 | Orc:2    | Bought a scroll of identify for 34 gold pieces
 39451 | Orc:2    | Found Fiwaash's Mayhem Merchandise.
 39459 | Orc:2    | Bought a wand of iceblast (6) for 150 gold pieces
 39459 | Orc:2    | Bought a wand of iceblast (8) for 180 gold pieces
 40625 | Spider:1 | Entered Level 1 of the Spider Nest
 41070 | Spider:1 | Reached skill level 15 in Spellcasting
 41153 | Spider:1 | Offered knowledge of Iron Shot by Vehumet.
 41162 | Spider:1 | Learned a level 6 spell: Iron Shot
 41194 | Spider:1 | Noticed Kirke
 41514 | Spider:1 | Reached XP level 16. HP: 98/139 MP: 22/35
 41516 | Spider:1 | Killed Kirke
 41695 | Spider:1 | Noticed Josephine
 41852 | Spider:1 | Killed Josephine
 43290 | Spider:2 | Got a steaming marble ring
 43292 | Spider:2 | Identified the ring "Ririus" {Wiz Dex+4 SInv} (You found it
                  | on level 2 of the Spider Nest)
 44558 | Spider:3 | Offered knowledge of Bolt of Magma by Vehumet.
 44732 | Spider:3 | Got a twisted spear
 44732 | Spider:3 | Identified the +4 spear of Starshine {drain, MR+} (You
                  | found it on level 3 of the Spider Nest)
 44893 | Spider:3 | HP: 5/139 [emperor scorpion[a torpor snail] (11)]
 45552 | Spider:3 | Identified Beynt's Compendium of Dislocated Changing
 45579 | Spider:3 | Learned a level 5 spell: Bolt of Magma
 46344 | Spider:4 | Entered Level 4 of the Spider Nest
 46380 | Spider:4 | HP: 4/208 [redback (10)]
 46380 | Spider:4 | HP: 1/208 [wolf spider (2)]
 46380 | Spider:4 | Slain by a redback

Illustrated notes

Levels and vault maps discovered:
D:1:      saegor_arrival_simple_e, layout_rooms
D:2:      layout_basic, grunt_dithmenos_smoke, lemuel_doored_altar,
          yredelemnul_altar_generic, nicolae_ru_sacrificial_ziggurat,
          lemuel_coloured_pillars_altar, nemelex_diamond_rough_becter,
          uniq_natasha
D:3:      layout_loops_ring, uniq_grinder
D:4:      layout_basic, lemuel_round_altar, grunt_qazlal_clouds, first_ration,
          makhleb_blood_cavern_becter, uniq_ijyb, uniq_edmund
D:5:      kennysheep_six_static_rooms, layout_layer_cave,
          minmay_temple_entry_large_hall, uniq_eustachio
D:6:      layout_gridville, elyvilon_altar_3, marbit_many_paths, basic_altar
D:7:      layout_loops_ring, nicolae_alphabet_shops, the_bakery, uniq_joseph,
          uniq_crazy_yiuf_cottage
D:8:      layout_loops_ring, cheibrodos_ashenzari_chains, lemuel_crystal_altar,
          serial_shops, shop, enter_bailey_2, uniq_grum, uniq_gastronok
D:9:      layout_roguey, nemelex_xobeh_ov_fountains_minmay, david_orc_3
D:10:     layout_roguey
D:11:     layout_roguey [special_room_orc], erik_lair_dragon
D:12:     layout_roguey, lightli_church_of_beogh
D:13:     layout_roguey
D:14:     layout_rooms, david_vaults_4, gauntlet_entry_generic,
          kennysheep_cross_bottleneck
D:15:     grunt_enter_depths_snipers, layout_irregular_city,
          kennysheep_crisscross, serial_shops, nicolae_shop_statue_plus,
          nicolae_gozag_zags_fifth_avenue
Temple:   cyrus_temple_forest
Lair:1:   layout_gridlike
Lair:2:   layout_roguey, uniq_urug
Lair:3:   beast_lair_carwin_large_2, layout_regular_city,
          nicolae_spider_entry_non_spiders, nicolae_quartered_pool_medium,
          uniq_snorg
Lair:4:   layout_loops_ring, shoals_dummy_entry, portal_ice_cave_entry_pillars_2
Lair:5:   layout_loops_ring, dpeg_slime_entry_enclosed_altar, ldierk_geyser,
          chequers_serial_rivers_large_a, grunt_megastairs_5,
          lemuel_fruit_fields
Lair:6:   hangedman_lair_in_review, layout_hall_layers, wormcave, basic_altar
Spider:1: layout_spider_delve, drop_trap, uniq_josephine, uniq_kirke
Spider:2: layout_chambers
Spider:3: layout_spider_delve
Spider:4: johnstein_spider_rune_arachne_lair
Orc:1:    layout_caves, mines3_lemuel
Orc:2:    st_orc_open, layout_caves, minmay_shop_mayhem, uniq_erolcha,
          uniq_sonja
Depths:1: layout_basic, grunt_decor_mini_mirrors,
          grunt_hell_entry_demonic_statue, nicolae_water_bricks,
          dk_noncrumbling_3, minmay_hollow_rounded_squares, uniq_nikola,
          uniq_asterion

Skill      XL: |  1  2  3  4  5  6  7  8  9 10 11 12 13 14 15 16 |
---------------+-------------------------------------------------+-----
Stealth        | 2 4 |  4.0
Dodging        | 2 3 4 5 6 7 9 10 | 10.0
Fighting       | 1 2 3 4 6 10 12 | 12.0
Throwing       | 1 2 |  2.5
Spellcasting   | 3 4 5 8 9 10 11 13 14 15 | 15.2
Translocations | 1 2 3 5 |  5.3
Conjurations   | 6 7 8 |  8.6
Staves         | 2 3 5 7 8 9 |  9.0
Earth Magic    | 1 2 3 |  3.7
Fire Magic     | 1 2 3 4 8 11 14 | 14.8
Evocations     | 1 2 3 4 5 6 |  6.0
Shields        | 2 4 |  4.0
Ice Magic      | 7 8 |  8.1
Air Magic      | 1 2 3 |  3.1

Action                   |  1- 3 |  4- 6 |  7- 9 | 10-12 | 13-15 | 16-18 || total
-------------------------+-------+-------+-------+-------+-------+-------++-------
Melee: Unarmed           |    31 |    21 |    15 |       |       |       ||    67
       Tailslap          |     2 |     2 |     7 |    19 |    12 |     2 ||    44
       Staff             |       |       |    30 |   102 |    22 |    23 ||   177
       Lajatang          |       |       |       |       |    68 |       ||    68
       Spear             |       |       |       |       |       |    16 ||    16
Throw: Boomerang         |       |       |       |    27 |     3 |       ||    30
       Dart              |       |       |       |     8 |       |       ||     8
 Cast: Magic Dart        |    45 |    43 |    87 |   187 |   187 |    84 ||   633
       Searing Ray       |     3 |    27 |    84 |   165 |   199 |    77 ||   555
       Stone Arrow       |       |       |    15 |    59 |    15 |       ||    89
       Sticky Flame      |       |       |    16 |     5 |       |       ||    21
       Iskenderun's Myst |       |       |     9 |    45 |   169 |    83 ||   306
       Fireball          |       |       |       |    51 |    28 |     1 ||    80
       Conjure Flame     |       |       |       |     9 |     5 |       ||    14
       Iskenderun's Batt |       |       |       |     6 |       |       ||     6
       Ozocubu's Refrige |       |       |       |     7 |   151 |    39 ||   197
       Ignition          |       |       |       |       |    13 |     7 ||    20
       Freezing Cloud    |       |       |       |       |     4 |       ||     4
       Bolt of Magma     |       |       |       |       |       |    12 ||    12
 Abil: Breathe Steam     |       |       |       |     1 |     1 |       ||     2
Evoke: Wand              |       |     3 |     2 |    10 |    11 |     1 ||    27
  Use: Scroll            |     4 |     5 |    12 |    17 |    22 |     2 ||    62
       Potion            |       |     1 |     3 |     5 |     9 |     6 ||    24
  Eat: Chunk             |     1 |     9 |    21 |    30 |    45 |    11 ||   117
       Ration            |       |       |     2 |     7 |    15 |     5 ||    29
Armor: Skin              |     4 |    17 |    62 |   119 |   141 |   130 ||   473
Dodge: Dodged            |    28 |    21 |   113 |   197 |   291 |   177 ||   827
Block: Other             |       |       |       |       |    13 |       ||    13
       Reflection        |       |       |       |       |     8 |       ||     8
       Buckler           |       |       |       |       |    40 |   152 ||   192
